 Dungeon Crawl Stone Soup version 0.29.1-12-g30fa7ad0bf (webtiles) character file.

Game seed: 16013084011388132898

214 scionoferis the Sneak (level 6, -8/46 HPs)
             Began as a Djinni Brigand on Dec 20, 2022.
             Was an Initiate of Yredelemnul.
             Mangled by a gnoll
             ... wielding a +0 flail
              (11 damage)
             ... on level 3 of the Dungeon.
             The game lasted 00:08:25 (2249 turns).

scionoferis the Sneak (Djinni Brigand)              Turns: 2249, Time: 00:08:26

Health: -8/46      AC:  5    Str:  8 (10) XL:     6   Next: 14%
Gold:   95         EV: 12    Int: 18 (19) God:    Yredelemnul [......] SH:  0 Dex: 13 (16)

rFire   + + .      SeeInvis .   b - +0 great sword
rCold   x . .      Faith    .   (shield currently unavailable)
rNeg    . . .      Spirit   .   g - +0 leather armour
rPois   ∞          Reflect  .   (no helmet)
rElec   .          Harm     .   p - +1 cloak
rCorr   .          Rampage  .   (no gloves)
Will    .....                   (boots unavailable)
Stlth   ++........              (no amulet)
HPRegen 0.15/turn               q - +6 ring of intelligence
MPRegen 0.00/turn               (no ring)

@: flying
A: sickness immunity, fire resistance 2, cold vulnerability 1, float, innate
caster, HP casting, extra vitality 1
a: Renounce Religion, Recall Undead Harvest


You were on level 3 of the Dungeon.
You worshipped Yredelemnul.
Yredelemnul was noncommittal.
You visited 1 branch of the dungeon, and saw 3 of its levels.

You collected 95 gold pieces.


Innate Abilities, Weirdness & Mutations

You are immune to sickness and miasma.
You are immune to poison.
Your flesh is very heat resistant. (rF++)
You are vulnerable to cold. (rC-)
You float through the air rather than walking.
You learn spells naturally, not from books.
Your magical power is your life essence.
You have superior vitality. (+4 MHP)


   Skills:
 + Level 3.5 Fighting
 - Level 1.7(2.2) Short Blades
 * Level 2.0(2.3) Long Blades
 - Level 1.5 Throwing
 + Level 2.7 Dodging
 + Level 3.9 Stealth
 + Level 1.1 Spellcasting


You had 4 spell levels left.
You knew the following spells:

 Your Spells              Type           Power      Damage    Failure   Level
a - Necrotise             Necr           20%        1d5       19%         1
b - Poisonous Vapours     Pois/Air       10%        N/A       26%         2
Your spell library was empty.

Inventory:

Hand Weapons
 a - a +2 dagger
 b - a +0 great sword (weapon)
   (You found it on level 2 of the Dungeon)
Missiles
 d - 9 poisoned darts (quivered)
 e - 3 curare-tipped darts
 i - 3 boomerangs
Armour
 g - a +0 leather armour (worn)
   (You found it on level 1 of the Dungeon)
 p - a +1 cloak (worn)
   (You took it off Crazy Yiuf on level 2 of the Dungeon)
Magical Staves
 m - a staff of death
   (You found it on level 2 of the Dungeon)
Jewellery
 q - a +6 ring of intelligence (left hand)
   (You found it on level 3 of the Dungeon)
Wands
 j - a wand of flame (4)
   (You took it off Natasha on level 2 of the Dungeon)
Scrolls
 f - a scroll of noise {unknown}
 h - a scroll of magic mapping {unknown}
 l - 2 scrolls of immolation {unknown}
 n - a scroll of blinking {unknown}
Potions
 c - 2 potions of flight {unknown}
 k - a potion of invisibility
 o - a potion of curing {unknown}

Dungeon Overview and Level Annotations

Branches:
Dungeon (3/15)

Altars:
Elyvilon
Yredelemnul

............##....#
...........####...#
..................#
..........###...#.#
.........## #..##.#
..........# .....
........### ...#.
.......)#####..#
.......Z..g.@.#
......####g.g##
.....# ###...##
..... #......#
..... #....#.# ....
###.....# ...
#..#..# ...#..#
..## ...


You could see 3 gnolls and a friendly gnoll zombie.


Message History

Found a leather armour.
A ball python comes into view.
A kobold comes into view. It is wielding a +0 short sword.
The helpless ball python fails to defend itself.
You puncture the ball python!
You kill the ball python!
The kobold shouts!
You hear a shout!
A goblin comes into view. It is wielding a +0 club.
You hit the kobold.
You kill the kobold!
You see here a +0 short sword.
A quokka comes into view.
You barely miss the goblin. The goblin hits you but does no damage.
You hit the goblin.
You kill the goblin!
The quokka misses you.
You barely miss the quokka. The quokka barely misses you.
You hit the quokka.
You kill the quokka!
No target in view!
f - 4 puce potions (gained 1)
You see here a +0 club.
You now have 37 gold pieces (gained 10).
Found a faded altar of an unknown god.
You now have 47 gold pieces (gained 10).
A bat comes into view.
The bat closely misses you.
You hit the bat.
The bat is moderately wounded.
The bat closely misses you.
You hit the bat.
You kill the bat!
No target in view!
A frilled lizard comes into view.
The frilled lizard hisses angrily.
The frilled lizard closely misses you.
You hit the frilled lizard.
The frilled lizard is heavily wounded.
The frilled lizard closely misses you.
You hit the frilled lizard.
You kill the frilled lizard!
You have reached level 3!
Your experience leads to an increase in your attributes!
Increase (S)trength, (I)ntelligence, or (D)exterity?
You feel agile. x2
The power to cast Necrotise wells up from within.
Spell assigned to 'a'.
Found a leather armour.
You see here a +0 leather armour.
You see here a rat skeleton.
A hobgoblin comes into view.
The helpless hobgoblin fails to defend itself.
You impale the hobgoblin!!
You kill the hobgoblin!
You see here an amulet of magic regeneration.
Done exploring.
There is a faded altar of an unknown god here.
You cannot tell which god this altar belongs to.
Convert to them anyway?
Yredelemnul accepts your prayer! Yredelemnul welcomes you!
You can now reap souls.
You can now recall your undead harvest.
Your adder zombie is caught in a web!
Your ball python zombie is caught in a web!
You swap places.
Your adder zombie pulls away from the web.
Your ball python zombie struggles to get unstuck from the web.
Your ball python zombie pulls away from the web.
You see here an amulet of magic regeneration.
There is a stone staircase leading down here.
You fly downwards.
Your mindless puppet stays behind to rot.
Jessica shouts!
Found a great sword.
There is a stone staircase leading up here.
Press: ? - help, v - describe, . - travel
Here: Jessica, wielding a +0 dagger and wearing a +0 robe The floor.
The bat misses you. The bat barely misses you. Jessica completely misses you.
You fly upwards.
Your ball python zombie crumbles into dust! x2
Your adder zombie crumbles into dust!
There is a stone staircase leading down here.
You hit Jessica.
Jessica is heavily wounded.
You hit Jessica.
Jessica is heavily wounded.
Jessica hits you with a +0 dagger.
You hit Jessica.
You kill Jessica!
Your Fighting skill increases to level 3!
Your Dodging skill increases to level 2!
Unknown command.
Things that are here:
a +0 dagger; a +0 robe
There is a stone staircase leading down here.
You start resting.
HP restored.
You fly downwards.
A quokka comes into view.
There is a stone staircase leading up here.
The hobgoblin shouts!
The bat closely misses you. The bat hits you but does no damage.
The hobgoblin hits you but does no damage.
You fly upwards.
There is a stone staircase leading down here.
You hit the hobgoblin but do no damage. The hobgoblin closely misses you.
You hit the hobgoblin.
The hobgoblin is moderately wounded.
The hobgoblin barely misses you.
You hit the hobgoblin but do no damage.
The hobgoblin is moderately wounded.
The hobgoblin barely misses you.
You barely miss the hobgoblin.
The hobgoblin is moderately wounded.
The hobgoblin hits you.
You hit the hobgoblin. Your punch misses the hobgoblin.
The hobgoblin is almost dead.
The hobgoblin misses you.
You hit the hobgoblin but do no damage.
The hobgoblin is almost dead.
The hobgoblin barely misses you.
You hit the hobgoblin.
You kill the hobgoblin!
The dead are walking!
You have reached level 4!
You feel clever.
Things that are here:
a +0 robe; a +0 dagger
There is a stone staircase leading down here.
You start resting.
HP restored.
You fly downwards.
Your mindless puppet stays behind to rot.
The bat barely misses you. The quokka misses you.
The quokka bites you but does no damage.
There is a stone staircase leading up here.
You miss the quokka. The bat hits you. The quokka closely misses you.
You hit the quokka.
The quokka is heavily wounded.
The bat hits you but does no damage. The quokka barely misses you.
You barely miss the quokka.
The quokka is heavily wounded.
The quokka bites you. The bat hits you but does no damage.
You hit the quokka.
The quokka is almost dead.
The bat hits you but does no damage. The quokka closely misses you.
You hit the quokka.
You kill the quokka!
The dead are hopping!
The bat barely misses you. The bat hits you but does no damage.
You barely miss the bat. The bat misses you.
The bat hits you but does no damage. The bat barely misses you.
You closely miss the bat. The bat hits you but does no damage.
You hit the bat.
The bat is heavily wounded.
The bat hits you but does no damage.
Your quokka zombie closely misses the bat.
The bat closely misses you.
The bat barely misses your quokka zombie.
You closely miss the bat.
The bat is heavily wounded.
The bat closely misses you.
The bat barely misses your quokka zombie.
Your quokka zombie barely misses the bat.
Found a book of Blood.
The bat hits you but does no damage.
You hit the bat.
You kill the bat!
The dead are flying!
You see here a +0 great sword.
h - a +0 great sword Adjust to which letter? (? for menu, Esc to quit)
b - a +0 great sword;
h - a scroll labelled WEKKYE UBIT Unknown command.
HP restored.
An adder comes into view.
Found a stone staircase leading down.
The adder hisses angrily.
Throw: 9 darts (poison)
Press: ? - help, Q - select action, (/) - cycle Shift-Dir - straight line, f - adder
Aim: an adder (42% to hit)
You throw a poisoned dart.
The poisoned dart closely misses the adder.
Unknown command.
Throw: 8 darts (poison)
Press: ? - help, Q - select action, (/) - cycle Shift-Dir - straight line, f/p - adder
Aim: an adder (ally target, 42% to hit)
You throw a poisoned dart. The poisoned dart hits the adder.
The adder is poisoned.
Unknown command.
Throw: 7 darts (poison)
Press: ? - help, Q - select action, (/) - cycle Shift-Dir - straight line, f/p - adder
Aim: an adder (poisoned, ally target, 42% to hit)
You throw a poisoned dart. The poisoned dart hits the adder.
The adder looks even sicker.
Unknown command.
You hit the adder.
The adder is heavily wounded.
The adder misses you.
You completely miss the adder.
The adder is heavily wounded.
The adder closely misses you.
You hit the adder.
You kill the adder!
No target in view!
d - 7 poisoned darts (gained 1)
d - 8 poisoned darts (gained 1)
d - 9 poisoned darts (gained 1)
You swap places.
A frilled lizard comes into view. 2 frilled lizards and a ball python come into view.
A frilled lizard comes into view.
The frilled lizard hisses angrily. x3; The ball python hisses angrily.
A frilled lizard comes into view.
You hear an angry hiss.
A frilled lizard and a rat come into view.
Your bat zombie hits the ball python. x2
Your bat zombie hits the ball python.
The ball python dies!
The dead are slithering!
Your bat zombie hits the frilled lizard.
The frilled lizard misses your bat zombie.
The frilled lizard barely misses your bat zombie.
Your bat zombie hits the frilled lizard.
The frilled lizard dies!
The dead are walking!
Throw: 9 darts (poison)
Press: ? - help, Q - select action, (/) - cycle Shift-Dir - straight line, f - frilled lizard
Aim: a frilled lizard (ally target, 42% to hit)
Okay, then.
A goblin comes into view. It is wielding a +0 club.
Your bat zombie closely misses the frilled lizard.
Your bat zombie hits the frilled lizard.
The frilled lizard barely misses your bat zombie.
The frilled lizard bites your ball python zombie.
Your bat zombie closely misses the frilled lizard.
Your quokka zombie closely misses the frilled lizard.
Your ball python zombie misses the frilled lizard.
Your ball python zombie grabs the frilled lizard.
Your ball python zombie constricts the frilled lizard.
You completely miss the frilled lizard.
Your bat zombie closely misses the frilled lizard. x2
The frilled lizard bites your bat zombie.
The frilled lizard barely misses your ball python zombie.
The frilled lizard bites your quokka zombie.
A frilled lizard comes into view.
Your quokka zombie bites the frilled lizard.
You hit the frilled lizard.
You kill the frilled lizard!
Your bat zombie misses the frilled lizard.
Your bat zombie barely misses the frilled lizard.
Your ball python zombie bites the frilled lizard.
The frilled lizard dies!
The frilled lizard barely misses your bat zombie.
Your bat zombie closely misses the frilled lizard.
You closely miss the frilled lizard.
Your bat zombie misses the frilled lizard.
Your bat zombie barely misses the frilled lizard.
Your quokka zombie closely misses the frilled lizard.
Your ball python zombie closely misses the frilled lizard.
Your ball python zombie completely misses the frilled lizard.
The frilled lizard bites your bat zombie.
The frilled lizard bites you.
Your bat zombie completely misses the frilled lizard.
You hit the frilled lizard.
You kill the frilled lizard!
Your bat zombie misses the frilled lizard.
Your ball python zombie closely misses the frilled lizard.
Your ball python zombie grabs the frilled lizard.
Your ball python zombie constricts the frilled lizard.
The frilled lizard dies!
Your bat zombie closely misses the rat.
The rat barely misses your quokka zombie.
Something bites your quokka zombie.
Your bat zombie barely misses the rat.
Your bat zombie hits the rat.
Your quokka zombie bites the rat.
The rat dies!
Your frilled lizard zombie bites the frilled lizard.
The frilled lizard dies!
The dead are walking!
Your bat zombie hits the goblin.
The frilled lizard closely misses your frilled lizard zombie.
Your ball python zombie closely misses the frilled lizard. x2
b - a +0 great sword (weapon)
Your bat zombie hits the goblin.
Your quokka zombie bites the goblin.
The goblin dies!
Your frilled lizard zombie closely misses the frilled lizard.
Unknown command.
The frilled lizard bites your bat zombie.
Your bat zombie is destroyed!
Your ball python zombie misses the frilled lizard.
Your ball python zombie closely misses the frilled lizard.
The frilled lizard bites your frilled lizard zombie.
Your frilled lizard zombie closely misses the frilled lizard.
Your ball python zombie misses the frilled lizard. x2
Your frilled lizard zombie misses the frilled lizard.
The frilled lizard closely misses your frilled lizard zombie.
Your ball python zombie completely misses the frilled lizard.
Your ball python zombie closely misses the frilled lizard.
Your frilled lizard zombie bites the frilled lizard.
The frilled lizard dies!
The dead are walking!
a - a +2 dagger (weapon)
You swap places.
Found 3 boomerangs.
Unknown command.
Unknown command.
Unknown command.
You pace your travel speed to your slowest ally.
Natasha, Servant of Life and Death comes into view.
Found 6 stones.
A jackal and a hobgoblin come into view.
The hobgoblin shouts!
A rat comes into view.
A jackal comes into view.
The rat moves out of view.
Natasha claws you.
A jackal comes into view.
You barely miss Natasha. Natasha barely misses you.
You hit Natasha.
Natasha is lightly wounded.
Your ball python zombie misses Natasha. x2; Natasha completely misses you.
Unknown command.
You hit Natasha.
Natasha is lightly wounded.
Your ball python zombie bites Natasha.
Your ball python zombie misses Natasha.
Natasha barely misses you.
Your frilled lizard zombie bites Natasha but does no damage.
You closely miss Natasha.
Natasha is moderately wounded.
The jackal bites your frilled lizard zombie.
Your ball python zombie bites Natasha.
Your ball python zombie barely misses Natasha.
Natasha claws you but does no damage.
The jackal bites your frilled lizard zombie.
Your frilled lizard zombie bites Natasha but does no damage.
You barely miss Natasha.
Natasha is moderately wounded.
The jackal barely misses you.
The hobgoblin hits your frilled lizard zombie.
The jackal bites your frilled lizard zombie.
Your ball python zombie misses Natasha.
Your ball python zombie grabs Natasha.
Your ball python zombie constricts Natasha.
Natasha barely misses you.
Your frilled lizard zombie bites the jackal but does no damage.
You hit Natasha.
Natasha is moderately wounded.
The jackal bites your frilled lizard zombie.
Your frilled lizard zombie is destroyed!
Your ball python zombie bites Natasha.
Your ball python zombie constricts Natasha.
Your quokka zombie barely misses the jackal.
Natasha barely misses you. The jackal closely misses you.
You barely miss Natasha.
Natasha is heavily wounded.
The jackal closely misses you.
Your frilled lizard zombie closely misses the jackal.
The jackal bites you.
Your ball python zombie bites Natasha but does no damage.
Your ball python zombie constricts Natasha.
The jackal barely misses your frilled lizard zombie.
Your frilled lizard zombie bites Natasha.
Your quokka zombie bites the jackal but does no damage.
The jackal bites you but does no damage.
Natasha mumbles some strange words.
You hit Natasha.
Natasha is severely wounded.
The jackal barely misses you.
The jackal closely misses your frilled lizard zombie.
Your frilled lizard zombie bites the jackal.
The jackal misses you.
Your ball python zombie bites Natasha.
Your ball python zombie constricts Natasha.
Your quokka zombie closely misses the jackal.
You strike the helpless Natasha from behind!
You puncture Natasha!
You kill Natasha!
Natasha yowls pathetically as she dies!
The crimson imp disappears in a puff of smoke!
The jackal barely misses you.
Your frilled lizard zombie barely misses the jackal.
The jackal bites you.
Your frilled lizard zombie closely misses the jackal.
Your ball python zombie bites the jackal but does no damage.
Your ball python zombie barely misses the jackal.
You hit the jackal.
The jackal is heavily wounded.
The jackal barely misses you.
The jackal bites you but does no damage.
Your quokka zombie barely misses the jackal.
The jackal bites you.
Your frilled lizard zombie bites the jackal.
The jackal misses you.
You hit the jackal.
You kill the jackal!
The jackal closely misses you.
Your quokka zombie barely misses the jackal.
Your frilled lizard zombie barely misses the jackal.
The jackal misses you.
Unknown command.
You closely miss the jackal.
The jackal is heavily wounded.
The jackal bites you.
Your frilled lizard zombie bites the rat.
The jackal closely misses you.
Your ball python zombie bites the jackal but does no damage.
Your ball python zombie barely misses the jackal.
Your quokka zombie barely misses the jackal.
Your frilled lizard zombie bites the jackal.
The jackal barely misses you. The rat bites your ball python zombie.
You hit the jackal but do no damage.
The jackal is severely wounded.
The jackal bites you but does no damage.
Your ball python zombie bites the jackal.
Your ball python zombie barely misses the jackal.
The jackal bites you but does no damage.
Your quokka zombie barely misses the jackal.
Your frilled lizard zombie barely misses the rat.
The rat bites your ball python zombie.
The jackal bites you but does no damage.
You hit the jackal but do no damage.
The jackal is almost dead.
The jackal bites you but does no damage.
Your frilled lizard zombie bites the jackal.
The jackal dies!
The dead are walking!
Your ball python zombie misses the jackal.
Your ball python zombie barely misses the jackal.
The jackal bites you.
Your frilled lizard zombie bites the rat.
You hit the jackal.
You kill the jackal!
The dead are walking!
The hobgoblin hits your quokka zombie.
Your quokka zombie is destroyed!
The rat completely misses your frilled lizard zombie.
Your ball python zombie bites the rat.
The rat dies!
The dead are walking!
Your frilled lizard zombie bites the hobgoblin but does no damage.
Your jackal zombie bites the hobgoblin but does no damage.
Your ball python zombie bites the hobgoblin but does no damage.
Your ball python zombie grabs the hobgoblin.
Your ball python zombie constricts the hobgoblin.
Your jackal zombie bites the hobgoblin but does no damage.
Your frilled lizard zombie bites the hobgoblin but does no damage.
You hit the hobgoblin but do no damage. The hobgoblin barely misses you.
Your jackal zombie bites the hobgoblin but does no damage.
Your jackal zombie bites the hobgoblin.
Your ball python zombie bites the hobgoblin.
Your ball python zombie constricts the hobgoblin.
Unknown command.
You hit the hobgoblin.
You kill the hobgoblin!
You have reached level 5!
The power to cast Poisonous Vapours wells up from within.
Spell assigned to 'b'.
You see here 3 boomerangs.
i - 3 boomerangs Natasha, Servant of Life and Death comes into view.
What are your orders? t - Shout!
Orders for allies: a - Attack new target. r - Retreat! s - Stop attacking. g - Guard the area. f - Follow me.
Anything else - Cancel.
Gang up on whom?
Press: ? - help, Dir - move target, f - Natasha
Aim: Natasha Attack!
You swap places.
Your frilled lizard zombie bites Natasha.
Natasha claws your frilled lizard zombie!
Your frilled lizard zombie is destroyed!
Your jackal zombie bites Natasha but does no damage.
Natasha claws you.
Your jackal zombie barely misses Natasha.
You hit Natasha.
Natasha is moderately wounded.
Natasha casts a spell at you.
You feel yourself slow down.
Your rat zombie closely misses Natasha.
Your jackal zombie bites Natasha.
You barely miss Natasha.
Natasha is moderately wounded.
Natasha claws you but does no damage.
Your jackal zombie bites Natasha but does no damage.
Your rat zombie closely misses Natasha.
Natasha casts a spell at you. The magic dart hits you.
You hit Natasha.
Natasha is heavily wounded.
Your jackal zombie closely misses Natasha.
Your rat zombie closely misses Natasha.
Natasha casts a spell at you. You resist with some effort.
Your jackal zombie bites Natasha but does no damage.
You hit Natasha.
Natasha is heavily wounded.
Your jackal zombie bites Natasha.
Natasha claws you.
Your rat zombie barely misses Natasha.
Your jackal zombie bites Natasha.
You hit Natasha.
You kill Natasha!
Moaning pathetically, Natasha's spirit plunges into the ground.
The dead are walking!
Your Long Blades skill increases to level 1!
Unknown command.
You start resting.
You feel yourself speed up.
You start resting.
An adder comes into view.
Your jackal zombie barely misses the adder.
Your frilled lizard zombie misses the adder.
The adder bites your jackal zombie.
Your jackal zombie bites the adder.
Your ball python zombie misses the adder.
Your ball python zombie barely misses the adder.
Unknown command.
The adder barely misses your jackal zombie.
Your jackal zombie barely misses the adder.
Your frilled lizard zombie bites the adder.
Your ball python zombie closely misses the adder.
Your ball python zombie grabs the adder.
Your ball python zombie constricts the adder.
The adder bites your jackal zombie.
Your jackal zombie bites the adder but does no damage.
Your ball python zombie bites the adder but does no damage.
Your ball python zombie constricts the adder.
Your frilled lizard zombie bites the adder.
The adder bites your jackal zombie.
Unknown command.
Your jackal zombie barely misses the adder.
The adder barely misses your jackal zombie.
Your ball python zombie closely misses the adder.
Your ball python zombie constricts the adder.
Your frilled lizard zombie bites the adder but does no damage.
Your jackal zombie barely misses the adder.
Unknown command.
The adder barely misses your jackal zombie.
Your ball python zombie bites the adder.
Your ball python zombie constricts the adder.
Your jackal zombie bites the adder.
Your frilled lizard zombie bites the adder.
The adder dies!
The dead are slithering!
You start resting.
Natasha, Servant of Life and Death comes into view.
She is carrying a wand of flame (8).
What are your orders? t - Shout!
Orders for allies: a - Attack new target. r - Retreat! s - Stop attacking. g - Guard the area. f - Follow me.
Anything else - Cancel.
Gang up on whom?
Press: ? - help, Dir - move target, f - Natasha
Aim: Natasha, carrying a wand of flame (8) Attack!
Natasha howls an incantation.
Natasha shimmers violently.
Natasha drinks a potion.
Natasha flickers and vanishes!
Deactivating autopickup; reactivate with Ctrl-A.
You swap places.
Found 14 gold pieces.
You swap places.
You hear a zap.
A puff of flame appears from out of thin air!
The puff of flame hits your adder zombie!
Found a robe.
Found a stone staircase leading up.
Your jackal zombie resists with significant effort.
A magic dart appears from out of thin air!
The magic dart hits your frilled lizard zombie!
Your frilled lizard zombie is destroyed!
You hear a zap.
A puff of flame appears from out of thin air!
The puff of flame hits your adder zombie!
Your adder zombie is destroyed!
Found a scroll labelled LOETTEVASTUI.
You miss something. Something claws you.
Natasha completely misses something.
You hit something. Something claws you.
You miss something.
Natasha misses something.
Something claws you.
You hit something.
Natasha claws something.
You hear a zap.
A puff of flame appears from out of thin air!
The puff of flame hits you. You resist.
You hit something.
Reactivating autopickup.
You feel a bit more experienced.
The dead are walking!
j - a wand of flame (5);
k - a potion of invisibility You start resting.
HP restored.
You swap places.
A ball python comes into view.
A quokka comes into view.
The ball python hisses angrily.
You closely miss the ball python. The ball python bites you.
The ball python closely misses you. x2; The ball python misses you.
You hit the ball python.
The ball python is severely wounded.
Your jackal zombie bites the ball python.
The ball python dies!
The dead are slithering!
The quokka twitches its whiskers.
You hit the quokka.
The quokka is severely wounded.
Your jackal zombie bites the quokka but does no damage.
The quokka bites your jackal zombie.
Your jackal zombie is destroyed!
Unknown command.
You completely miss the quokka.
The quokka is severely wounded.
Your ball python zombie misses the quokka.
Your ball python zombie barely misses the quokka.
The quokka closely misses you.
You barely miss the quokka.
The quokka is severely wounded.
Your ball python zombie closely misses the quokka. x2
Your ball python zombie bites the quokka.
Your ball python zombie closely misses the quokka.
Natasha barely misses the quokka.
The quokka misses you.
You hit the quokka.
You kill the quokka!
The dead are hopping!
You swap places.
l - a scroll labelled LOETTEVASTUI You swap places.
You swap places.
Found a hammer.
Found a runed translucent door.
Crazy Yiuf shouts!
You swap places.
Crazy Yiuf grits, "Adder tea toodlewoodle!"
You swap places.
Crazy Yiuf cries, "Buddy!
Iron spinner fast."
You swap places.
You swap places.
You swap places.
Found 9 stones.
A quokka comes into view.
The quokka barely misses you.
You closely miss the quokka.
The quokka bites you but does no damage.
You hit the quokka.
The quokka is heavily wounded.
The quokka bites you.
You hit the quokka but do no damage.
The quokka is heavily wounded.
Your quokka zombie bites the quokka but does no damage.
The quokka barely misses you.
You hit the quokka.
The quokka is almost dead.
The quokka closely misses you.
Your quokka zombie barely misses the quokka.
You closely miss the quokka.
The quokka is almost dead.
The quokka misses you.
Your quokka zombie closely misses the quokka.
You hit the quokka but do no damage.
The quokka is almost dead.
The quokka closely misses you.
Your quokka zombie barely misses the quokka.
You hit the quokka but do no damage.
The quokka is almost dead.
The quokka barely misses you.
Your quokka zombie barely misses the quokka.
Unknown command.
You hit the quokka.
You kill the quokka!
An adder comes into view.
The adder hisses angrily.
An adder is nearby!
A worm comes into view.
The adder bites your ball python zombie.
Your ball python zombie bites the adder.
Your ball python zombie barely misses the adder.
The adder bites your ball python zombie.
The adder barely misses your ball python zombie.
Your ball python zombie closely misses the adder. x2
The adder bites your ball python zombie.
Your ball python zombie closely misses the adder.
Your ball python zombie grabs the adder.
Your ball python zombie constricts the adder.
The adder bites your ball python zombie.
Your ball python zombie is destroyed!
Your quokka zombie closely misses the adder.
Your ball python zombie closely misses the adder.
Your ball python zombie grabs the adder.
Your ball python zombie constricts the adder.
Natasha claws the adder!
The adder dies!
Your Spellcasting skill increases to level 1!
Your quokka zombie bites the worm.
Natasha claws the worm!
Your quokka zombie bites the worm.
The worm bites your quokka zombie!
Your quokka zombie is destroyed!
You hit the worm but do no damage.
The worm is severely wounded.
Natasha claws the worm!
The worm dies!
The dead are slithering!
You now have 58 gold pieces (gained 11).
You swap places.
You swap places.
Found a stone staircase leading up.
You see here a +0 robe.
Found a hand axe.
Found a leather armour.
Found a stone staircase leading down.
A ball python comes into view.
Found a curved smoking staff.
The helpless ball python fails to defend itself.
You impale the ball python!!
You kill the ball python!
The dead are slithering!
You swap places.
You see here a staff of death.
m - a staff of death
Found a white marble altar of Elyvilon.
You now have 72 gold pieces (gained 14).
You now have 80 gold pieces (gained 8).
You swap places.
You now have 83 gold pieces (gained 3).
You swap places.
n - a scroll labelled UMOETWONIU You swap places.
o - a bubbling pink potion A rat comes into view.
A giant cockroach comes into view.
You closely miss the rat.
Your ball python zombie barely misses the rat.
Your ball python zombie grabs the rat.
Your ball python zombie constricts the rat.
The rat bites you.
You hit the rat.
You kill the rat!
The giant cockroach closely misses you.
Your ball python zombie bites the giant cockroach.
Your ball python zombie barely misses the giant cockroach.
You hit the giant cockroach.
You kill the giant cockroach!
No target in view!
You swap places.
You see here a book of Blood.
You see here a +0 club.
You swap places.
A rat comes into view.
Unknown command.
The rat barely misses you.
You hit the rat.
The rat is moderately wounded.
The rat closely misses you.
You hit the rat but do no damage.
The rat is moderately wounded.
The rat closely misses you.
You barely miss the rat.
The rat is moderately wounded.
You hit the rat.
You kill the rat!
No target in view!
Found a stone staircase leading down.
There is a stone staircase leading down here.
You swap places.
You swap places.
You swap places.
You swap places.
Unknown command.
Could not explore, unopened runed door.
You reach down and open the door.
You swap places.
Your ball python zombie bites Crazy Yiuf but does no damage.
Your ball python zombie closely misses Crazy Yiuf.
You swap places.
Crazy Yiuf hits your ball python zombie with a +2 quarterstaff of chaos!
Your ball python zombie is destroyed!
Crazy Yiuf hits your ball python zombie with a +2 quarterstaff of chaos!
Your ball python zombie is destroyed!
You swap places.
Crazy Yiuf hits Natasha with a +2 quarterstaff of chaos!
Crazy Yiuf burns Natasha.
Natasha closely misses Crazy Yiuf.
Crazy Yiuf laughs, "Blight!
Earwax sing-song water."
Crazy Yiuf hits Natasha with a +2 quarterstaff of chaos!
Crazy Yiuf burns Natasha.
Natasha is destroyed!
You swap places.
Something hits your rat zombie! Something burns your rat zombie.
Your rat zombie is destroyed!
Crazy Yiuf hits your worm zombie with a +2 quarterstaff of chaos!
Lightning courses through your worm zombie!
Your worm zombie bites Crazy Yiuf but does no damage.
Crazy Yiuf hits your worm zombie with a +2 quarterstaff of chaos!
Your worm zombie is destroyed!
Crazy Yiuf hits Natasha with a +2 quarterstaff of chaos!
Natasha claws Crazy Yiuf.
Crazy Yiuf says, "Ghoul tea bag!"
Crazy Yiuf barely misses Natasha.
Natasha claws Crazy Yiuf but does no damage.
Crazy Yiuf barely misses Natasha.
Natasha claws Crazy Yiuf.
Crazy Yiuf hits Natasha with a +2 quarterstaff of chaos!
Crazy Yiuf burns Natasha.
Natasha is destroyed!
Throw: 9 darts (poison)
Press: ? - help, Q - select action, (/) - cycle Shift-Dir - straight line, f - Crazy Yiuf
Aim: Crazy Yiuf, wielding a +2 quarterstaff of chaos and wearing a +1 cloak (moderately wounded, 64% to hit)
You throw a poisoned dart.
The poisoned dart barely misses Crazy Yiuf.
Throw: 8 darts (poison)
Press: ? - help, Q - select action, (/) - cycle Shift-Dir - straight line, f/p - Crazy Yiuf
Aim: Crazy Yiuf, wielding a +2 quarterstaff of chaos and wearing a +1 cloak (moderately wounded, 64% to hit)
You throw a poisoned dart.
The poisoned dart barely misses Crazy Yiuf.
Throw: 7 darts (poison)
Press: ? - help, Q - select action, (/) - cycle Shift-Dir - straight line, f/p - Crazy Yiuf
Aim: Crazy Yiuf, wielding a +2 quarterstaff of chaos and wearing a +1 cloak (moderately wounded, 64% to hit)
You throw a poisoned dart.
The poisoned dart barely misses Crazy Yiuf.
Crazy Yiuf screams, "Trifle!"
Throw: 6 darts (poison)
Press: ? - help, Q - select action, (/) - cycle Shift-Dir - straight line, f/p - Crazy Yiuf
Aim: Crazy Yiuf, wielding a +2 quarterstaff of chaos and wearing a +1 cloak (moderately wounded, 64% to hit)
You throw a poisoned dart.
The poisoned dart barely misses Crazy Yiuf.
You hit Crazy Yiuf. You punch Crazy Yiuf, but do no damage.
Crazy Yiuf is heavily wounded.
Crazy Yiuf hits you with a +2 quarterstaff of chaos!
You barely miss Crazy Yiuf. Your punch misses Crazy Yiuf.
Crazy Yiuf is heavily wounded.
Crazy Yiuf hits you with a +2 quarterstaff of chaos!
You feel yourself speed up.
You hit Crazy Yiuf.
Crazy Yiuf is heavily wounded.
You hit Crazy Yiuf but do no damage.
Crazy Yiuf is heavily wounded.
Crazy Yiuf hits you but does no damage.
b - a +0 great sword (weapon)
You slash Crazy Yiuf!
You kill Crazy Yiuf!
The dead are walking!
You have reached level 6!
Things that are here:
a +2 quarterstaff of chaos; a +1 cloak
p - a +1 cloak You start removing your armour.
You continue taking off your +0 cloak. x4
You finish taking off your +0 cloak.
You start putting on your armour.
You continue putting on your +1 cloak. x5
You finish putting on your +1 cloak.
Unknown command.
You drop a +0 cloak.
a - a +2 dagger (weapon)
You start resting.
Your extra speed is starting to run out.
You feel yourself slow down.
HP restored.
d - 9 poisoned darts (gained 4)
There is an open translucent door here.
Done exploring.
Done exploring.
You swap places.
There is an open translucent door here.
There is a stone staircase leading down here.
It was a potion of degeneration.
There was something very wrong with that liquid.
You feel weakened.
You feel dopey.
You feel clumsy.
You drop 3 potions of degeneration.
There is a stone staircase leading down here.
You fly downwards.
Your mindless puppet stays behind to rot.
There is a stone staircase leading up here.
Found a stone staircase leading up.
You reach down and open the door.
There is an open door here.
c - a fizzy coppery potion
Found a stone staircase leading down.
Found an escape hatch in the ceiling.
There is a stone staircase leading down here.
There is an escape hatch in the ceiling here.
As you open the door, it creaks loudly!
Found 12 gold pieces.
There is an open door here.
You now have 95 gold pieces (gained 12).
You reach down and open the door.
There is an open door here.
A bat comes into view.
The bat hits you but does no damage. The bat barely misses you.
The bat barely misses you. The bat hits you but does no damage. x2
The bat hits you but does no damage.
You hit the bat.
You kill the bat!
No target in view!
There is an open door here.
You reach down and open the door.
There is an open door here.
You reach down and open the door.
There is a stone staircase leading up here.
You reach down and open the door.
There is an open door here.
You reach down and open the door.
There is an open door here.
f - a scroll labelled QELIOST COYHU
q - a +6 ring of intelligence You feel clever.
q - a +6 ring of intelligence (left hand)
You reach down and open the door.
There is an open door here.
A worm comes into view.
b - a +0 great sword (weapon)
You slice the worm!!
You kill the worm!
No target in view!
a - a +2 dagger (weapon)
l - 2 scrolls labelled LOETTEVASTUI (gained 1) As you open the door, it creaks loudly!
A rat comes into view.
There is an open door here.
The rat barely misses you.
You hit the rat.
The rat is severely wounded.
You barely miss the rat.
The rat is severely wounded.
The rat misses you.
You hit the rat.
You kill the rat!
The dead are walking!
You reach down and open the door.
There is an open door here.
Found 2 stones.
You see here 2 stones.
Found a cloak.
A giant cockroach comes into view.
Found a fizzy coppery potion.
Found an escape hatch in the floor.
A bat comes into view.
The bat barely misses you.
You hit the bat.
You kill the bat!
The dead are flying!
The giant cockroach barely misses you.
You closely miss the giant cockroach. The giant cockroach closely misses you.
Your bat zombie closely misses the giant cockroach.
The giant cockroach closely misses you.
You hit the giant cockroach but do no damage.
Your bat zombie hits the giant cockroach but does no damage.
Your bat zombie hits the giant cockroach.
The giant cockroach barely misses you.
You hit the giant cockroach but do no damage.
The giant cockroach is moderately wounded.
Your bat zombie barely misses the giant cockroach.
Your bat zombie hits the giant cockroach.
Your bat zombie barely misses the giant cockroach.
The giant cockroach closely misses you.
You hit the giant cockroach.
You kill the giant cockroach!
Unknown command.
c - 2 fizzy coppery potions (gained 1)
A gnoll comes into view. It is wielding a +0 flail.
A gnoll comes into view. It is wielding a +0 spear.
b - a +0 great sword (weapon)
A gnoll comes into view. It is wielding a +0 spear.
The gnoll hits your rat zombie with a +0 spear!
Your rat zombie bites the gnoll but does no damage.
A gnoll comes into view. It is wielding a +0 halberd.
The gnoll hits you from afar with a +0 spear!
The gnoll hits you from afar with a +0 spear.
You swap places.
The gnoll misses you. The gnoll closely misses you.
You closely miss the gnoll. The gnoll hits you with a +0 spear!
The gnoll hits you with a +0 spear.
You slash the gnoll!
You kill the gnoll!
The dead are walking!
The gnoll hits you with a +0 spear! The gnoll closely misses you.
The gnoll completely misses you.
Your Long Blades skill increases to level 2!
You slash the gnoll!
The gnoll is severely wounded.
The gnoll hits you with a +0 spear.
* * * LOW HITPOINT WARNING * * *
The gnoll closely misses you. The gnoll barely misses you.
Your gnoll zombie barely misses the gnoll.
Unknown command.
You swap places.
The gnoll hits you from afar with a +0 spear.
* * * LOW HITPOINT WARNING * * *
The gnoll hits your rat zombie with a +0 flail!
Your rat zombie is destroyed!
Your gnoll zombie barely misses the gnoll.
You swap places.
The gnoll hits your bat zombie with a +0 spear!
Your bat zombie is destroyed!
Your gnoll zombie hits the gnoll.
Aiming: Throw Flame
Press: ? - help, Shift-Dir - straight line, f - gnoll
Aim: a gnoll, wielding a +0 flail (severely wounded, ally target, 72% to hit)
The puff of flame hits the gnoll.
The gnoll is almost dead.
Your gnoll zombie barely misses the gnoll.
Unknown command.
You barely miss the gnoll.
The gnoll is almost dead.
The gnoll hits you with a +0 flail.
* * * LOW HITPOINT WARNING * * *
The gnoll hits you from afar with a +0 spear.
* * * LOW HITPOINT WARNING * * *
You barely miss the gnoll.
The gnoll is almost dead.
The gnoll hits you from afar with a +0 spear.
* * * LOW HITPOINT WARNING * * *
The gnoll hits you with a +0 flail!
You die...
Your body rises from the dead as a mindless zombie.

Skill      XL: |  1  2  3  4  5  6 |
---------------+-------------------+-----
Fighting       | 3 |  3.5
Dodging        | 2 |  2.7
Long Blades    | 1 2 |  2.0
Spellcasting   | 1 |  1.1
Short Blades   | |  1.7
Throwing       | |  1.5
Stealth        | |  3.9

Action                   |  1- 3 |  4- 6 || total
-------------------------+-------+-------++-------
Melee: Dagger            |    44 |    80 ||   124
       Great sword       |       |     7 ||     7
       Punch             |       |     1 ||     1
Throw: Dart              |       |     7 ||     7
Evoke: Wand              |       |     1 ||     1
  Use: Potion            |       |     1 ||     1
 Stab: Sleeping          |     7 |     1 ||     8
       Distracted        |       |     1 ||     1
Armor: Robe              |     1 |       ||     1
       Leather armour    |     8 |    23 ||    31
Dodge: Dodged            |    28 |    61 ||    89

Levels and vault maps discovered:
D:1:      dpeg_arrival_tiny_i, layout_basic, ebering_ecumenical_altar_webs
D:2:      layout_rooms, basic_altar, minmay_lizard_pond, uniq_natasha,
          uniq_jessica, uniq_crazy_yiuf_cottage
D:3:      layout_basic, regret_index_temple_of_mockery, minmay_liquid_box,
          grunt_ministairs_5, hangedman_decor_growths

Notes
Turn   | Place    | Note
-------+----------+-------------------------------------------
     0 | D:1      | scionoferis the Djinni Brigand began the quest for the Orb.
     0 | D:1      | Reached XP level 1. HP: 18/18 MP: 0/0
   148 | D:1      | Reached XP level 2. HP: 23/23 MP: 0/0
   445 | D:1      | Found a faded altar of an unknown god.
   676 | D:1      | Reached XP level 3. HP: 29/29 MP: 0/0
   676 | D:1      | Learned a level 1 spell: Necrotise
   833 | D:1      | Prayed at the altar of an unknown god.
   833 | D:1      | Became a worshipper of Yredelemnul the Dark
   833 | D:1      | Reached * piety under Yredelemnul
   863 | D:2      | Noticed Jessica
   869 | D:1      | Killed Jessica
   870 | D:1      | Reached skill level 3 in Fighting
   870 | D:1      | Reached skill level 2 in Dodging
   929 | D:1      | Reached XP level 4. HP: 32/35 MP: 0/0
  1056 | D:2      | Noticed Natasha
  1069 | D:2      | Killed Natasha
  1079 | D:2      | Reached XP level 5. HP: 28/40 MP: 0/0
  1079 | D:2      | Learned a level 2 spell: Poisonous Vapours
  1091 | D:2      | Noticed Natasha
  1101 | D:2      | Killed Natasha
  1102 | D:2      | Reached skill level 1 in Long Blades
  1133 | D:2      | Noticed Natasha
  1164 | D:2      | Killed Natasha
  1390 | D:2      | Found a runed translucent door.
  1391 | D:2      | Noticed Crazy Yiuf
  1462 | D:2      | Reached skill level 1 in Spellcasting
  1493 | D:2      | Found a white marble altar of Elyvilon.
  1494 | D:2      | Reached ** piety under Yredelemnul
  1696 | D:2      | Your ally Natasha died
  1706 | D:2      | Your ally Natasha died
  1716 | D:2      | Killed Crazy Yiuf
  1717 | D:2      | Reached XP level 6. HP: 17/46 MP: 0/0
  2242 | D:3      | Reached skill level 2 in Long Blades
  2248 | D:3      | HP: 3/46 [gnoll/+0 spear (2)]
  2249 | D:3      | Mangled by a gnoll

Vanquished Creatures
  Crazy Yiuf (D:2)
  Jessica (D:1)
  Natasha (thrice) (D:2)
  A gnoll (D:3)
  An adder (D:2)
  A worm (D:3)
  A dart slug (D:1)
  3 ball pythons (D:1 D:2)
  6 bats (D:1 D:2 D:3)
  2 endoplasms (D:1)
  3 giant cockroaches (D:1 D:2 D:3)
  A goblin (D:1)
  4 hobgoblins (D:1 D:2)
  2 jackals (D:2)
  4 quokkas (D:1 D:2)
  3 frilled lizards (D:1 D:2)
  A kobold (D:1)
  6 rats (D:1 D:2 D:3)
44 creatures vanquished.

Vanquished Creatures (collateral kills)
  2 adders (D:2)
  A worm (D:2)
  A goblin (D:2)
  A jackal (D:2)
  2 ball pythons (D:2)
  5 frilled lizards (D:2)
  2 rats (D:2)
14 creatures vanquished.

Vanquished Creatures (others)
  An adder zombie (D:2)
  2 felid zombies (D:2)
  A worm zombie (D:2)
  2 bat zombies (D:2 D:3)
  3 ball python zombies (D:2)
  3 frilled lizard zombies (D:2)
  2 jackal zombies (D:2)
  2 quokka zombies (D:2)
  2 rat zombies (D:2 D:3)
18 creatures vanquished.

Grand Total: 76 creatures vanquished

Table legend: (Time is in decaauts)
 A = Elapsed time spent in this place.
 B = Non-inter-level travel time spent in this place.
 C = Inter-level travel time spent in this place.
 D = Time resting spent in this place.
 E = Time spent auto-exploring this place.
 F = Levels seen in this place.
 G = Mean time per level.
                   A        B        C        D        E       F      G
               +--------+--------+--------+--------+--------+-----+--------+
         Total |   2559 |   2492 |     67 |    290 |   1726 |   3 |  853.0 |
       Dungeon |   2559 |   2492 |     67 |    290 |   1726 |   3 |  853.0 |
               +--------+--------+--------+--------+--------+-----+--------+

Top non-repeatable levels by time:
     D:2: 1322 daAuts
     D:1: 940 daAuts
     D:3: 296 daAuts

Table legend:
 A = Non-vault XP
 B = Vault XP
 C = Vault XP percentage of total XP
 D = Non-vault monster count
 E = Vault monster count
 F = Vault count percentage of total count
                 A         B        C        D         E       F
            +---------+---------+-------+---------+---------+-------
      Total |     184 |     122 |  39.9 |      48 |      10 |  17.2
            +---------+---------+-------+---------+---------+-------
        D:1 |      33 |      37 |  52.9 |      19 |       1 |   5.0
        D:2 |     125 |      85 |  40.5 |      23 |       9 |  28.1
        D:3 |      26 |       0 |   0.0 |       6 |       0 |   0.0
            +---------+---------+-------+---------+---------+-------
